Map: Ever Dream LE

Players

OsiRis

  • Race: Protoss Protoss
  • League: Master
  • Spawn Location: 1:00

zuka - Winner!

  • Race: Protoss Protoss
  • League: Master
  • Spawn Location: 7:00

VOD

Have the link to the VOD?

Description

Time

  • Played on: Sept. 6, 2020, 3:17 p.m.
  • Length: 4:41
Show
View Real Time Build Order
Export as new Build Order

OsiRis Protoss 

Build Orders:  

Get SALT Encoding   

  12  0:00  Probe  
  13  0:12  Probe  
  14  0:17  Pylon  
  14  0:24  Probe (Chrono Boost)  
  16  0:37  Gateway, Probe (Chrono Boost)  
  16  0:41  Probe (Chrono Boost)  
  16  0:46  Assimilator  
  17  0:54  Assimilator  
  18  1:02  Forge  
  17  1:11  Probe  
  18  1:24  Probe  
  18  1:25  Zealot  
  21  1:35  Photon Cannon  
  21  1:41  Pylon  
  21  2:02  Photon Cannon  
  21  2:11  Cybernetics Core  
  21  2:12  Probe  
  22  2:24  Probe  
  23  2:31  Gateway  
  23  2:40  Pylon  
  23  2:49  Twilight Council  
  23  2:56  Stalker (Chrono Boost)  
  23  2:58  Probe  
  26  3:06  Warp Gate (Chrono Boost)  
  26  3:11  Probe  
  27  3:16  Gateway  
  27  3:23  Probe  
  28  3:35  Probe  
  29  3:47  Shield Battery  
  29  3:51  Stalker  
  31  3:56  Gateway  
  31  4:01  Shield Battery  
  31  4:31  Shield Battery  
Show
View Real Time Build Order
Export as new Build Order

zuka Protoss - Winner!

Build Orders: Cannon Rush 

Get SALT Encoding   

  12  0:01  Probe  
  13  0:13  Probe (Chrono Boost)  
  14  0:18  Pylon  
  14  0:25  Probe (Chrono Boost)  
  15  0:35  Probe (Chrono Boost)  
  15  0:39  Forge  
  16  0:57  Pylon  
  16  1:00  Pylon  
  16  1:05  Pylon  
  16  1:07  Probe  
  16  1:19  Photon Cannon  
  16  1:24  Pylon  
  16  1:28  Pylon  
  16  1:29  Probe  
  17  1:40  Gateway  
  17  1:42  Photon Cannon  
  17  1:53  Photon Cannon  
  17  2:02  Pylon  
  17  2:08  Probe (Chrono Boost)  
  18  2:11  Assimilator x2  
  18  2:17  Probe (Chrono Boost)  
  18  2:22  Probe (Chrono Boost)  
  18  2:28  Cybernetics Core  
  19  2:34  Probe (Chrono Boost)  
  20  2:43  Probe (Chrono Boost)  
  21  2:48  Probe  
  21  2:49  Pylon  
  21  2:50  Photon Cannon  
  22  3:00  Probe  
  23  3:07  Stargate  
  23  3:11  Shield Battery  
  23  3:14  Shield Battery  
  23  3:26  Shield Battery  
  23  3:27  Shield Battery  
  23  3:32  Photon Cannon  
  23  3:43  Void Ray (Chrono Boost)  
  27  4:02  Shield Battery  
  27  4:03  Shield Battery  
  27  4:06  Shield Battery  
  31  4:38  Shield Battery  
Tags
 
Matchup
PvP
Spawn Locations
Cross Positions
Add a new tag
Caveats
  • Supply blocks, unpowered buildings, or Contaminate may cause inaccurate times.
  • Supply counts are checked every 10 seconds.